 Dungeon Crawl Stone Soup version 0.30-a0-29-g142975f185 (webtiles) character file.

Game seed: 10364607147589050040

11313 Newt the Nimble (level 11, -19/86 HPs)
             Began as a Demonspawn Gladiator on Aug 26, 2022.
             Was an Initiate of Gozag.
             Demolished by a large abomination (23 damage)
             ... in a Gauntlet.
             The game lasted 00:27:50 (15777 turns).

Newt the Nimble (Demonspawn Gladiator)             Turns: 15777, Time: 00:27:51

Health: -19/86     AC: 16    Str: 18    XL:     11   Next: 47%
Magic:  0/11       EV: 20    Int: 10    God:    Gozag
Gold:   1253       SH:  6    Dex: 21    Spells: 10/10 levels left

rFire   . . .      SeeInvis .    p - +1 flail (venom)
rCold   + + .      Faith    .    G - +0 buckler
rNeg    . . .      Spirit   +    u - +4 scale mail {rC+}
rPois   .          Reflect  .    (helmet restricted)
rElec   .          Harm     .    (no cloak)
rCorr   .          Rampage  .    (no gloves)
Will    .....      NoTele   +    s - +0 pair of boots
Stlth   +.........               i - amulet of guardian spirit
HPRegen 0.24/turn                Q - +4 ring of evasion
MPRegen 0.24/turn                C - +6 ring of dexterity

@: gold aura, hasted, studying Dodging, very quick
A: antennae 1, icy blue scales 3, magic shield, magic regeneration, demonic
magic 1
a: Renounce Religion, Potion Petition, Call Merchant, Bribe Branch


You were in a Gauntlet.
You worshipped Gozag.
Gozag was most pleased with you.
You visited 2 branches of the dungeon, and saw 12 of its levels.
You also visited: Gauntlet.

You collected 1750 gold pieces.
You spent 353 gold pieces at shops.
You paid 144 gold pieces to Gozag.

Inventory:

Hand Weapons
 a - a +0 rapier
 p - a +1 flail of venom (weapon)
 y - a +1 mace of pain
 K - a +2 whip of freezing
Missiles
 e - 9 javelins
 n - 27 poisoned darts (quivered)
 r - 9 boomerangs
 S - 2 datura-tipped darts
Armour
 b - a +0 leather armour
 c - a +0 helmet
 s - a +0 pair of boots (worn)
 u - a +4 scale mail of cold resistance (worn)
 G - a +0 buckler (worn)
 P - the +1 chain mail of Rationality {Will+}
   (You bought it in a shop on level 9 of the Dungeon)

   Will:      It increases your willpower.
Jewellery
 d - a ring of ice
 i - an amulet of guardian spirit (around neck)
 k - a +6 ring of intelligence
 l - a ring of flight
 C - a +6 ring of dexterity (right hand)
 L - a ring of resist corrosion
 Q - a +4 ring of evasion (left hand)
Wands
 q - a wand of mindburst (2)
 t - a wand of flame (10)
 x - a wand of digging (7)
 J - a wand of paralysis (3)
 R - a wand of polymorph (4)
 V - a wand of iceblast (1)
Scrolls
 f - 7 scrolls of butterflies
 g - 4 scrolls of immolation
 m - 2 scrolls of magic mapping
 v - a scroll of enchant weapon
 w - 4 scrolls of amnesia
 A - a scroll of teleportation
 B - 2 scrolls of noise
 I - a scroll of blinking
 M - a scroll of torment {unknown}
 T - a scroll of silence {unknown}
Potions
 h - 2 potions of magic {unknown}
 o - a potion of haste
 z - a potion of lignification
 D - a potion of brilliance
 F - a potion of berserk rage {unknown}
 H - a potion of invisibility {unknown}
 N - a potion of ambrosia {unknown}
 O - a potion of mutation {unknown}
 U - a potion of flight {unknown}


   Skills:
 + Level 7.9 Fighting
 - Level 3.1 Short Blades
 - Level 8.0 Maces & Flails
 - Level 4.0 Throwing
 - Level 4.0 Armour
 - Level 11.0 Dodging
 - Level 2.0 Stealth
 - Level 5.0 Shields
 - Level 5.0 Necromancy
 - Level 6.0 Evocations


You had 10 spell levels left.
You didn't know any spells.
Your spell library contained the following spells:

 Spells                   Type           Power      Damage    Failure   Level
 Necrotise                Necr           40%        1d6       19%         1
 Apportation              Tloc           0%         N/A       83%         1
 Sandblast                Erth           0%         2d4       83%         1
 Sting                    Tmut/Pois      0%         1d3       83%         1
 Summon Small Mammal      Summ           0%         N/A       83%         1
 Passwall                 Tmut/Erth      0%         N/A       92%         2
 Poisonous Vapours        Pois/Air       0%         N/A       92%         2
 Static Discharge         Conj/Air       0%         3-3/arc   92%         2
 Confusing Touch          Hex            0%         N/A       99%         3
 Stone Arrow              Conj/Erth      0%         3d7       99%         3
 Olgreb's Toxic Radiance  Pois           0%         N/A       100%        4
 Lightning Bolt           Conj/Air       0%         1d11      100%        5
 Yara's Violent Unravell  Hex/Tmut       0%         3d3       100%        5
 Enfeeble                 Hex            0%         N/A       100%        7
 Maxwell's Capacitive Co  Air            0%         ∞         100%        8


Dungeon Overview and Level Annotations

Branches:
Dungeon (11/15)            Temple (1/1) D:6            Lair (0/5) D:8
    Orc (0/2) D:10        Gauntlet (1/1)

Altars:
Ashenzari
Cheibriados
Dithmenos
Fedhas
Gozag
Kikubaaqudgha
Makhleb
Nemelex Xobeh
Okawaru
Qazlal
Ru
Sif Muna
Trog
Uskayaw
Vehumet
Xom
Yredelemnul

Shops:
D:9 [

Portals:
Trove: D:10 (give horn of Geryon)

Annotations:
Gauntlet 9 transporters, 21 runed translucent doors


Innate Abilities, Weirdness & Mutations

You have a pair of small antennae on your head.
You are completely covered in icy blue scales. (AC +4, rC+)
When hurt, damage is shared between your health and your magic reserves.
You regenerate magic rapidly.
Spells you cast may paralyse adjacent enemies.


Message History

The small abomination is heavily damaged.
The small abomination closely misses you.
You sock the small abomination!
The small abomination is almost destroyed.
The large abomination closely misses you.
You barely miss the small abomination.
The small abomination is almost destroyed.
The small abomination barely misses you.
You hit the small abomination but do no damage.
The small abomination is almost destroyed.
The large abomination hits you!! The small abomination misses you.
You barely miss the small abomination.
The small abomination is almost destroyed.
The large abomination hits you!
* * * LOW HITPOINT WARNING * * *
Unknown command.
You barely miss the small abomination.
The small abomination is almost destroyed.
The small abomination hits you.
* * * LOW HITPOINT WARNING * * *
Unknown command.
You sock the small abomination!
You destroy the small abomination!
The large abomination misses you.
Unknown command.
You hit the large abomination.
The large abomination is heavily damaged.
You hit the large abomination.
The large abomination is heavily damaged.
The large abomination hits you!!
* * * LOW HITPOINT WARNING * * *
Unknown command.
Read: scroll of summoning
Press: ? - help, Q - select action, (/) - cycle Dir - look around, f - activate
As you read the scroll of summoning, it crumbles to dust.
Wisps of shadow whirl around you...
Unknown command.
The large abomination hits you!!
You die...
Your body crumbles into a pile of gold.

8# #8# #8# #8# #8# #8#
#########################
.......................≈#
........................#
########...###########..###
.#.....#.8.#.........#..#8#
#..##^.#...#.##...##.#..###
##..#.)#####..##5##..#..#####
#..##..#...#..x#@#..[#..#≈8≈#
##©.#.©#©.©#..XX©#..©#..#...##
#^.##..#...#..x#Z#..?#..#.8...
##..#..#####..##.##.)#..#...##
#^.##^.#...#.##...##.#..#.8.##
.#.....#...#.........#..#.....
########...###########..#...##
.........≈.............≈#.©.##
........≈8≈............∩#.....


You could see 2 large abominations, a small abomination, a friendly cane toad
simulacrum (summoned) and a friendly ufetubus (summoned).

Vanquished Creatures
  Snorg (D:10)
  Fannar (D:10)
  A vault guard (D:10)
  3 two-headed ogres
  3 large abominations (Gauntlet)
  Pikel (D:7)
  A cyclops (D:9)
  Psyche (D:11)
  2 trolls
  A hornet (D:8)
  Prince Ribbit (D:6)
  A wraith (D:10)
  5 small abominations (Gauntlet)
  A wyvern (D:9)
  A steam dragon (D:9)
  2 acid dragons
  5 orc warriors
  A swamp drake (D:10)
  2 ice beasts (D:7)
  3 sky beasts
  A centaur (D:6)
  A lemure (D:7)
  2 kobold brigands
  3 bullfrogs
  2 water moccasin zombies (D:6)
  A gnoll sergeant (D:5)
  3 necrophages (D:6)
  6 scorpions
  6 wights
  8 howler monkeys
  3 electric eels (D:6)
  A bullfrog zombie (D:6)
  A human zombie (D:6)
  A hound (D:4)
  2 orc priests
  A gnoll bouda (D:6)
  3 iguanas
  10 orc wizards
  Ijyb (D:3)
  A killer bee zombie (D:6)
  A mummy (D:6)
  24 gnolls
  4 adders
  A shadow imp (D:6)
  A white imp (D:7)
  2 ufetubi
  3 worms (D:4)
  3 dart slugs
  16 orcs
  6 bats
  4 endoplasms
  3 giant cockroaches
  5 goblins
  7 hobgoblins
  6 jackals
  2 quokkas
  11 ball pythons
  3 frilled lizards
  10 kobolds
  3 rats
209 creatures vanquished.

Vanquished Creatures (others)
  An orc (D:10)
  A demonic plant (D:7)
  9 plants
11 creatures vanquished.

Grand Total: 220 creatures vanquished

Notes
Turn   | Place    | Note
-------+----------+-------------------------------------------
     0 | D:1      | Newt the Demonspawn Gladiator began the quest for the Orb.
     0 | D:1      | Reached XP level 1. HP: 16/16 MP: 1/1
   272 | D:1      | Reached skill level 1 in Stealth
   552 | D:1      | Gained mutation: You are partially covered in icy blue
                  | scales. (AC +2) [demonic ancestry]
   552 | D:1      | Reached XP level 2. HP: 17/22 MP: 2/2
  1475 | D:2      | Found a faded altar of an unknown god.
  1502 | D:2      | Reached XP level 3. HP: 24/27 MP: 3/3
  1987 | D:2      | Reached skill level 1 in Maces & Flails
  2690 | D:3      | Gained mutation: You regenerate magic rapidly. [demonic
                  | ancestry]
  2690 | D:3      | Reached XP level 4. HP: 29/33 MP: 4/4
  3518 | D:3      | Reached XP level 5. HP: 38/38 MP: 5/5
  3571 | D:3      | Noticed Ijyb
  3588 | D:3      | Killed Ijyb
  4651 | D:4      | Gained mutation: When hurt, damage is shared between your
                  | health and your magic reserves. [demonic ancestry]
  4651 | D:4      | Reached XP level 6. HP: 37/47 MP: 6/6
  5046 | D:4      | Reached skill level 1 in Evocations
  5241 | D:4      | Found a burning altar of Makhleb.
  5241 | D:4      | Noticed a blizzard demon
  5297 | D:5      | Entered Level 5 of the Dungeon
  5819 | D:5      | Found a hide-covered altar of Uskayaw.
  5821 | D:5      | Noticed a +0 dagger
  5821 | D:5      | Noticed a +0 dagger
  5828 | D:5      | Gained mutation: You are mostly covered in icy blue scales.
                  | (AC +3) [demonic ancestry]
  5828 | D:5      | Reached XP level 7. HP: 45/54 MP: 7/7
  6103 | D:5      | Reached skill level 1 in Armour
  6881 | D:6      | Found a staircase to the Ecumenical Temple.
  6913 | Temple   | Entered the Ecumenical Temple
  7094 | Temple   | Became a worshipper of Gozag Ym Sagoz the Greedy
  7563 | D:6      | Reached skill level 1 in Shields
  7563 | D:6      | Gained mutation: You are completely covered in icy blue
                  | scales. (AC +4, rC+) [demonic ancestry]
  7563 | D:6      | Reached XP level 8. HP: 60/60 MP: 8/8
  7739 | D:6      | Noticed Prince Ribbit
  7753 | D:6      | Killed Prince Ribbit
  8193 | D:7      | Reached skill level 5 in Shields
  8304 | D:7      | Reached skill level 5 in Maces & Flails
  8341 | D:7      | Noticed Pikel
  8353 | D:7      | Killed Pikel
  8354 | D:7      | Gained mutation: Spells you cast may paralyse adjacent
                  | enemies. [demonic ancestry]
  8354 | D:7      | Reached XP level 9. HP: 54/65 MP: 9/9
  8438 | D:7      | Identified a scroll of acquirement
  8439 | D:7      | Acquired a manual of Dodging
  8673 | D:7      | Found a radiant altar of Vehumet.
  8836 | D:6      | Reached skill level 3 in Dodging
  8843 | D:6      | Found a basalt altar of Yredelemnul.
  8926 | D:6      | Reached skill level 4 in Dodging
  9005 | D:6      | Reached skill level 5 in Dodging
  9084 | D:6      | Reached skill level 6 in Dodging
  9257 | D:6      | HP: 1/65 [electric eel/bolt of electricity (5)]
  9612 | D:7      | Reached skill level 7 in Dodging
  9771 | D:8      | Reached skill level 8 in Dodging
  9776 | D:8      | Found a shimmering blue altar of Sif Muna.
  9913 | D:8      | Reached skill level 9 in Dodging
  9944 | D:8      | Noticed a two-headed ogre
  9964 | D:8      | Killed a two-headed ogre
  9965 | D:8      | Reached XP level 10. HP: 7/76 MP: 2/10
 10551 | D:8      | Found a staircase to the Lair.
 10938 | D:9      | Found Ammas's Armour Emporium.
 10943 | D:9      | Bought the +1 chain mail of Rationality {Will+} for 353
                  | gold pieces
 11058 | D:9      | Reached skill level 5 in Evocations
 11345 | D:9      | Noticed a two-headed ogre
 11355 | D:9      | Killed a two-headed ogre
 11558 | D:10     | Entered Level 10 of the Dungeon
 12165 | D:9      | Found a blossoming altar of Fedhas.
 12302 | D:9      | Noticed a cyclops
 12475 | D:9      | Killed a cyclops
 12781 | D:10     | Found a snail-covered altar of Cheibriados.
 12857 | D:10     | Noticed Snorg
 12881 | D:10     | Killed Snorg
 12882 | D:10     | Reached skill level 10 in Dodging
 13233 | D:10     | Noticed a two-headed ogre
 13244 | D:10     | Killed a two-headed ogre
 13245 | D:10     | Reached skill level 11 in Dodging
 13245 | D:10     | Gained mutation: You have a pair of small antennae on your
                  | head. [demonic ancestry]
 13245 | D:10     | Reached XP level 11. HP: 81/81 MP: 11/11
 13392 | D:10     | Reached skill level 1 in Necromancy
 13518 | D:10     | Noticed a vault guard
 13529 | D:10     | Killed a vault guard
 13537 | D:10     | Found a portal to a secret trove of treasure.
 13572 | D:10     | Noticed Fannar
 13612 | D:10     | Killed Fannar
 13970 | D:10     | Found a staircase to the Orcish Mines.
 13985 | D:10     | Reached skill level 5 in Necromancy
 14624 | D:11     | Found a gate leading to a gauntlet.
 14624 | D:11     | Noticed Psyche
 14631 | D:11     | Killed Psyche
 14663 | Gauntlet | Entered a Gauntlet
 14663 | Gauntlet | Noticed a large abomination
 14663 | Gauntlet | Found a transporter.
 14663 | Gauntlet | Found a transporter.
 14664 | Gauntlet | Found a transporter.
 14664 | Gauntlet | Found a transporter.
 14667 | Gauntlet | Found a transporter.
 14673 | Gauntlet | Noticed a large abomination
 14683 | Gauntlet | Found a transporter.
 14684 | Gauntlet | Found a transporter.
 14690 | Gauntlet | Found a transporter.
 14694 | Gauntlet | Noticed a tengu warrior
 14698 | Gauntlet | Found a transporter.
 14715 | Gauntlet | Found a transporter.
 14719 | Gauntlet | Found a large runed translucent door.
 14720 | Gauntlet | Found a large runed translucent door.
 14721 | Gauntlet | Found a large runed translucent door.
 14721 | Gauntlet | Found a large runed translucent door.
 14722 | Gauntlet | Found a runed translucent gate.
 14723 | Gauntlet | Found a transporter.
 14723 | Gauntlet | Found a runed translucent gate.
 14724 | Gauntlet | Found a runed translucent gate.
 14725 | Gauntlet | Found a large runed translucent door.
 14725 | Gauntlet | Found a large runed translucent door.
 14726 | Gauntlet | Found a large runed translucent door.
 14727 | Gauntlet | Found a large runed translucent door.
 14736 | Gauntlet | Found a large runed translucent door.
 14736 | Gauntlet | Found a large runed translucent door.
 14736 | Gauntlet | Found a runed translucent door.
 14736 | Gauntlet | Found a runed translucent door.
 14737 | Gauntlet | Found a large runed translucent door.
 14738 | Gauntlet | Found a large runed translucent door.
 14740 | Gauntlet | Found a transporter.
 14831 | Gauntlet | Found a large runed translucent door.
 14832 | Gauntlet | Found a large runed translucent door.
 14833 | Gauntlet | Found a large runed translucent door.
 14833 | Gauntlet | Found a large runed translucent door.
 15009 | Gauntlet | Killed a large abomination
 15035 | Gauntlet | HP: 5/126 [small abomination (8)]
 15048 | Gauntlet | HP: 6/126 [small abomination (3)]
 15775 | Gauntlet | HP: 4/86 [large abomination (19)]
 15777 | Gauntlet | Demolished by a large abomination

Illustrated notes

Levels and vault maps discovered:
D:1:      dpeg_arrival_boxes_within_box, layout_basic
D:2:      layout_rooms, shapermc_ecumenical_altar_mp_highgroup
D:3:      layout_rooms, nicolae_overflow_hidden_temple, uniq_ijyb
D:4:      layout_basic, makhleb_altar_promises_db, minmay_misc_feat_rugged
D:5:      layout_loops_cross, mainiacjoe_overflow_chevrons,
          dancing_weapons_uskayaw
D:6:      cheibrodos_two_vegetables, layout_basic,
          lemuel_mausoleum_altar_yredelemnul, minmay_temple_entry_glassed_door,
          kennysheep_generic_room_7, uniq_prince_ribbit1
D:7:      layout_rooms, mainiacjoe_overflow_alcove_4, serial_demonic,
          serial_demonic_g, serial_demonic_g, serial_demonic_c,
          serial_demonic_c, uniq_pikel
D:8:      layout_loops_ring, kennysheep_orc_sif_temple, lair_entry_dummy,
          chequers_serial_rivers_micro_b, serial_bayou_crossing
D:9:      layout_irregular_city, kennysheep_mini_moat, fedhas_altar_2,
          serial_shops, nicolae_shop_hallway_plus
D:10:     layout_rooms, kennysheep_slug_shrine, erik_orc_1, enter_trove_5,
          hangedman_decor_lopped, st_stairs_12, uniq_fannar, uniq_snorg
D:11:     layout_irregular_city, gauntlet_entry_generic, uniq_psyche
Temple:   nicolae_temple_bog_church
Gauntlet: gammafunk_gauntlet_shortcut [gammafunk_gauntlet_arena_teeth,
          gammafunk_gauntlet_arena_split_x, nicolae_gauntlet_swirl,
          minmay_gauntlet_arena_make_your_own_arena,
          nicolae_gauntlet_arena_quarters, gammafunk_gauntlet_arena_crates,
          gauntlet_exit_green]

Skill      XL: |  1  2  3  4  5  6  7  8  9 10 11 |
---------------+----------------------------------+-----
Stealth        | 1 2 |  2.0
Short Blades   | 3 |  3.1
Maces & Flails | 2 3 4 6 8 |  8.0
Fighting       | 3 4 6 7 |  7.9
Evocations     | 3 4 6 |  6.0
Armour         | 4 |  4.0
Shields        | 1 5 |  5.0
Throwing       | 2 4 |  4.0
Dodging        | 9 11 | 11.0
Necromancy     | 5 |  5.0

Action                   |  1- 3 |  4- 6 |  7- 9 | 10-12 || total
-------------------------+-------+-------+-------+-------++-------
Melee: Rapier            |    55 |       |       |       ||    55
       Flail             |    44 |   191 |   329 |   378 ||   942
       Punch             |     2 |     2 |     2 |       ||     6
Throw: Throwing net      |     1 |     3 |       |     3 ||     7
       Dart              |       |       |     2 |    10 ||    12
       Javelin           |       |       |     2 |       ||     2
       Boomerang         |       |       |       |     2 ||     2
Evoke: Wand              |       |     2 |     1 |     5 ||     8
  Use: Scroll            |     6 |     5 |     7 |     5 ||    23
       Potion            |       |       |     3 |    12 ||    15
 Stab: Sleeping          |     2 |     1 |       |       ||     3
       Distracted        |       |       |     1 |     5 ||     6
       Paralysed         |       |       |     1 |     4 ||     5
       Held in net/web   |       |       |       |     1 ||     1
Armor: Leather armour    |    42 |    35 |       |       ||    77
       Scale mail        |       |    52 |   144 |    87 ||   283
       Skin              |       |       |       |    11 ||    11
Dodge: Dodged            |    75 |   144 |   154 |   223 ||   596
Block: Buckler           |       |       |    86 |    95 ||   181

Table legend: (Time is in decaauts)
 A = Elapsed time spent in this place.
 B = Non-inter-level travel time spent in this place.
 C = Inter-level travel time spent in this place.
 D = Time resting spent in this place.
 E = Time spent auto-exploring this place.
 F = Levels seen in this place.
 G = Mean time per level.
                   A        B        C        D        E       F      G
               +--------+--------+--------+--------+--------+-----+--------+
         Total |  15964 |  15530 |    434 |   5630 |   7341 |  13 | 1228.0 |
       Dungeon |  14668 |  14265 |    403 |   5010 |   7025 |  11 | 1333.5 |
        Temple |    203 |    173 |     30 |      0 |    161 |   1 |  203.0 |
      Gauntlet |   1093 |   1093 |      0 |    620 |    155 |   1 | 1093.0 |
               +--------+--------+--------+--------+--------+-----+--------+

Top non-repeatable levels by time:
     D:6: 2528 daAuts
    D:10: 2109 daAuts
     D:9: 1455 daAuts
     D:8: 1432 daAuts
     D:3: 1418 daAuts
     D:2: 1350 daAuts
     D:4: 1335 daAuts
     D:1: 1251 daAuts
     D:5: 1136 daAuts
Gauntlet: 1093 daAuts
     D:7: 577 daAuts
  Temple: 203 daAuts
    D:11: 72 daAuts
